 Dungeon Crawl Stone Soup version 0.27.1-33-g824d729ab1 (console) character file.

Game seed: 18070265503925099498

1755 Banquo the Magician (level 9, -1/65 HPs)
             Began as a Djinni Chaos Knight on Dec 28, 2021.
             Was a Plaything of Xom.
             Slain by a shadow (27 damage)
             ... on level 6 of the Dungeon.
             The game lasted 00:34:11 (8318 turns).

Banquo the Magician (Djinni Chaos Knight)           Turns: 8318, Time: 00:34:12

Health: -1/65      AC:  5    Str: 11    XL:     9   Next: 27%
Gold:   163        EV: 13    Int: 17    God:    Xom [..*...] SH:  0 Dex: 13

rFire    + + .     SeeInvis .   b - +0 rapier (vorpal)
rCold    x . .     Faith    .   (no shield)
rNeg     . . .     Spirit   .   y - +0 steam dragon scales
rPois    ∞         Reflect  .   (no helmet)
rElec    .         Harm     .   (no cloak)
rCorr    .         Rampage  .   (no gloves)
Will     .....                  (boots unavailable)
Stlth    +.........             f - amulet of magic regeneration
HPRegen  0.20/turn              (no ring)
MPRegen  0.00/turn              (no ring)

@: marked, flying
A: sickness immunity, fire resistance 2, cold vulnerability 1, float, innate
caster, hp casting, extra vitality 1
a: Renounce Religion


You were on level 6 of the Dungeon.
You worshipped Xom.
You were a toy of Xom.
You visited 2 branches of the dungeon, and saw 8 of its levels.

You collected 257 gold pieces.
You spent 94 gold pieces at shops.

Inventory:

Hand Weapons
 a - a +2 vampiric short sword
 b - a +0 vorpal rapier (weapon)
 c - a +0 short sword of chaos
 k - a +0 war axe
 l - a +0 vorpal flail
Missiles
 e - 232 stones (quivered)
 o - 13 poisoned darts
 v - 4 boomerangs
Armour
 d - a +2 ring mail of fire resistance
 g - a +0 plate armour
 n - a +2 leather armour
 y - +0 steam dragon scales (worn)
Magical Staves
 h - a staff of air
 r - a staff of fire
Jewellery
 f - an amulet of magic regeneration (around neck)
Wands
 x - a wand of iceblast (14)
 A - a wand of paralysis (11)
Scrolls
 m - 8 scrolls of teleportation {unknown}
 z - a scroll of identify
Potions
 i - 2 potions of curing


   Skills:
 * Level 5.1 Fighting
 - Level 3.3 Short Blades
 - Level 3.4 Armour
 * Level 4.4 Dodging
 + Level 6.8 Spellcasting


You had 13 spell levels left.
You knew the following spells:

 Your Spells              Type           Power      Damage    Failure   Level
a - Freeze                Ice            100%       1d11      1%          1
b - Ensorcelled Hibernat  Hex/Ice        56%        N/A       1%          2
c - Mephitic Cloud        Conj/Pois/Air  28%        N/A       2%          3
z - Searing Ray           Conj           56%        3d5       1%          2
Your spell library was empty.

Dungeon Overview and Level Annotations

Branches:
Dungeon (7/15)             Temple (1/1) D:5

Altars:
Ashenzari
Dithmenos
Elyvilon
Fedhas
Gozag
Hepliaklqana
Kikubaaqudgha
Makhleb
Nemelex Xobeh
Okawaru
Ru
Sif Muna
Trog
Uskayaw
Xom
Yredelemnul
Zin

Shops:
D:1 *   D:4 *[[*   D:5 ?[=   D:6 (

Annotations:
D:5 Eustachio
D:6 Duvessa


Innate Abilities, Weirdness & Mutations

You are immune to sickness and miasma.
You are immune to poison.
Your flesh is very heat resistant. (rF++)
You are vulnerable to cold. (rC-)
You float through the air rather than walking.
You learn spells naturally, not from books.
Your magical power is your life essence.
You have superior vitality. (+4 HP)


Message History

Confirm with . or Enter, or press ? or * to list all spells.
You can't see any susceptible monsters within range! (Use Z to cast anyway.) Unknown command.
Unknown command.
Casting: Searing Ray (safe; 1% risk of failure)
Confirm with . or Enter, or press ? or * to list all spells.
Aiming: Searing Ray (safe; 1% risk of failure)
Press: ? - help, Shift-Dir - straight line The searing ray hits something. (Press . to maintain the ray.)
The shadow strikes at you from the darkness!
Reactivating autopickup.
The searing ray hits the shadow.
The shadow is heavily damaged.
The shadow hits you.
The searing ray hits the shadow.
The shadow is heavily damaged.
The shadow slips into darkness.
The shadow flickers and vanishes!
Deactivating autopickup; reactivate with Ctrl-A.
You finish channeling your searing ray.
The shadow strikes at you from the darkness!
Reactivating autopickup.
Casting: Searing Ray (safe; 1% risk of failure)
Confirm with . or Enter, or press ? or * to list all spells.
Aiming: Searing Ray (safe; 1% risk of failure)
Press: ? - help, Shift-Dir - straight line, f - shadow
Aim: a shadow (heavily damaged, 79% to hit)
The searing ray hits the shadow but does no damage.
The shadow is heavily damaged. (Press . to maintain the ray.) Xom makes a sudden noise!
You hear a hideous shriek!
The shadow hits you!
The searing ray hits the shadow.
The shadow is severely damaged.
The shadow slips into darkness.
The shadow flickers and vanishes!
Deactivating autopickup; reactivate with Ctrl-A.
The shadow strikes at you from the darkness!
You die...

############
#...........
##.########## ..
######...# #
....###.......#.#### #
................(.. #
...###@###.#.#...### #
#{#............ #
#.#.$##.##..###b.#
#.#..##.##<.# #...
###...........###.##
.......................
...........#...).......
..######...######.#####
. ...÷... #.#


There were no monsters in sight!

Vanquished Creatures
  A shadow (D:7)
  A steam dragon (D:7)
  Menkaure (D:6)
  A water moccasin (D:6)
  A necrophage (D:3)
  2 centaurs
  3 phantoms (D:5)
  3 scorpions
  2 howler monkeys (D:7)
  A bullfrog zombie (D:5)
  A centaur zombie (D:7)
  A hound (D:3)
  A centaur skeleton (D:7)
  Ijyb (D:3)
  A bullfrog skeleton (D:6)
  An iguana (D:6)
  3 orc wizards
  A hound zombie (D:5)
  A hound skeleton (D:4)
  3 adders
  2 river rats (D:5)
  An adder skeleton (D:4)
  3 worms
  7 orcs
  3 endoplasms
  2 giant cockroaches
  10 goblins
  5 hobgoblins
  3 jackals (D:3)
  10 kobolds
  6 quokkas
  9 ball pythons
  5 bats
  3 rats
99 creatures vanquished.

Vanquished Creatures (collateral kills)
  A steam dragon (D:4)
1 creature vanquished.

Vanquished Creatures (others)
  49 plants (D:4)
49 creatures vanquished.

Grand Total: 149 creatures vanquished

Notes
Turn   | Place    | Note
-------+----------+-------------------------------------------
     0 | D:1      | Banquo the Djinni Chaos Knight began the quest for the Orb.
     0 | D:1      | Reached XP level 1. HP: 20/20 MP: 0/0
     0 | D:1      | Noticed an ice dragon
     1 | D:1      | Noticed an ice dragon
     2 | D:1      | Noticed a tentacled monstrosity
     4 | D:1      | Noticed a shadow dragon
     4 | D:1      | Noticed a shadow dragon
     9 | D:1      | Noticed an orb of fire
    11 | D:1      | Noticed a tentacled monstrosity
    11 | D:1      | Noticed a large abomination
    13 | D:1      | Noticed a tentacled monstrosity
    15 | D:1      | Noticed an iron dragon
    15 | D:1      | Noticed an orb of fire
    15 | D:1      | Noticed a shadow dragon
    17 | D:1      | Noticed an orb of fire
    17 | D:1      | Noticed a large abomination
    17 | D:1      | Noticed an orb of fire
    19 | D:1      | Noticed an ice dragon
    19 | D:1      | Noticed a tentacled monstrosity
    21 | D:1      | Noticed a tentacled monstrosity
    62 | D:1      | XOM: silly message
   245 | D:1      | Found Hosiepn's General Store.
   266 | D:1      | XOM: divination: detect creatures
   290 | D:1      | Reached XP level 2. HP: 25/25 MP: 0/0
   671 | D:1      | XOM: 4-stop teleportation journey
   709 | D:1      | Reached XP level 3. HP: 30/30 MP: 0/0
   709 | D:1      | Learned a level 1 spell: Freeze
   813 | D:1      | Found a faded altar of an unknown god.
   998 | D:1      | XOM: god gift: scroll labelled BEILEJ BOMIDD {god gift}
  1107 | D:1      | XOM: god gift: bubbling green potion {god gift}
  1408 | D:2      | XOM: silly message
  1418 | D:2      | XOM: divination: detect creatures
  1495 | D:2      | XOM: divination: detect items
  2106 | D:3      | Noticed a necrophage
  2493 | D:3      | XOM: swap monsters
  2504 | D:3      | Reached XP level 4. HP: 24/35 MP: 0/0
  2631 | D:3      | Reached skill level 1 in Spellcasting
  2843 | D:3      | Found a sacrificial altar of Ru.
  2849 | D:3      | Noticed a scorpion
  2869 | D:3      | Killed a scorpion
  2870 | D:3      | Reached skill level 2 in Spellcasting
  2870 | D:3      | Reached XP level 5. HP: 23/40 MP: 0/0
  2870 | D:3      | Learned a level 2 spell: Ensorcelled Hibernation
  3040 | D:3      | Found a glowing silver altar of Zin.
  3081 | D:3      | XOM: confusion (+ monsters)
  3094 | D:3      | Killed a necrophage
  3095 | D:3      | Reached XP level 6. HP: 38/46 MP: 0/0
  3174 | D:3      | Noticed Ijyb
  3186 | D:3      | Killed Ijyb
  3187 | D:3      | Reached skill level 3 in Spellcasting
  3506 | D:4      | Found Wexkoalimo's Assorted Antiques.
  3506 | D:4      | Found Anugeiso's Armour Shoppe.
  3508 | D:4      | Bought a scroll labelled POTWUILOUJ for 34 gold pieces
  3508 | D:4      | Bought a scroll labelled COAXZYBBOYNK for 34 gold pieces
  3508 | D:4      | Found Ulubohi's General Store.
  3523 | D:4      | Bought a scroll of identify for 26 gold pieces
  3571 | D:4      | XOM: enchant monster (bad)
  3615 | D:3      | XOM: noise
  4007 | D:4      | Noticed a steam dragon
  4373 | D:4      | Found a blossoming altar of Fedhas.
  4516 | D:4      | XOM: swap monsters
  4524 | D:4      | XOM: enchant monster (bad)
  4695 | D:4      | XOM: summons friendly white imp
  4698 | D:4      | Killed a steam dragon
  4699 | D:4      | Reached XP level 7. HP: 30/50 MP: 0/0
  4699 | D:4      | Learned a level 2 spell: Searing Ray
  4846 | D:4      | You are sucked into a shaft and drop 2 floors!
  4846 | D:6      | Noticed a water moccasin
  4852 | D:6      | Reached skill level 4 in Spellcasting
  4853 | D:6      | Killed a water moccasin
  5069 | D:5      | Entered Level 5 of the Dungeon
  5107 | D:5      | XOM: scenery: summon butterflies
  5111 | D:5      | XOM: summons friendly quasit
  5137 | D:5      | You are sucked into a shaft and drop 2 floors!
  5162 | D:7      | Noticed a steam dragon
  5170 | D:7      | Killed a steam dragon
  5171 | D:7      | Reached skill level 5 in Spellcasting
  5171 | D:7      | Reached XP level 8. HP: 24/58 MP: 0/0
  5460 | D:7      | Noticed a shadow
  5466 | D:7      | Killed a shadow
  5726 | D:7      | XOM: god gift: staff of fire
  5945 | D:6      | Noticed Duvessa
  6069 | D:6      | Noticed Menkaure
  6152 | D:6      | XOM: scenery: summon butterflies
  6197 | D:6      | Found Eddiutt's Weapon Shop.
  6273 | D:4      | Found Ritajidgh's Armour Shop.
  6726 | D:4      | XOM: scenery: 1 doors open
  6842 | D:5      | Reached skill level 6 in Spellcasting
  6851 | D:5      | Found a sparkling altar of Nemelex Xobeh.
  6961 | D:5      | XOM: cloud trail
  7014 | D:5      | Found a white marble altar of Elyvilon.
  7218 | D:5      | XOM: 1-stop teleportation journey
  7219 | D:5      | Found a staircase to the Ecumenical Temple.
  7317 | D:5      | Reached XP level 9. HP: 53/63 MP: 0/0
  7317 | D:5      | Learned a level 3 spell: Mephitic Cloud
  7377 | Temple   | Entered the Ecumenical Temple
  7703 | D:5      | Found Deune's Magic Scroll Emporium.
  7705 | D:5      | Found Kioliesch's Jewellery Shoppe.
  7705 | D:5      | Found Xoudgh's Antique Armour Shop.
  7715 | D:5      | XOM is BORED!
  8240 | D:5      | Noticed Eustachio
  8290 | D:5      | XOM: summons 2 hostile shadow creatures
  8300 | D:6      | Killed Menkaure
  8301 | D:6      | Reached skill level 5 in Fighting
  8316 | D:6      | XOM: noise
  8318 | D:6      | Slain by a shadow

Illustrated notes

Levels and vault maps discovered:
D:1:      shiori_arrival_whats_in_store_for_you, layout_basic, serial_shops,
          shop, shapermc_ecumenical_altar_pompeii
D:2:      layout_rooms, serial_glass, glass_columns_a, glass_columns_b
D:3:      layout_loops_ring, mainiacjoe_overflow_tiny_flanked,
          mainiacjoe_overflow_cross_hatched, minmay_vboxes, uniq_ijyb
D:4:      wad_woods_stonehenge, layout_layer_cave, serial_shops,
          nicolae_shop_statue_plus, shop, shop, shop, chequers_arboretum
D:5:      layout_loops_ring, nicolae_overflow_crystal_walls, minitemple,
          nemelex_xobeh_ov_fountains_minmay, temple_green, portal_sewer_entry_e,
          nicolae_wooded_promenade, uniq_eustachio
D:6:      layout_loops_ring, nicolae_tso_swordbearing_angel, serial_shops, shop,
          uniq_menkaure, uniq_duvessa
D:7:      layout_rooms, chequers_serial_rivers_large_a
Temple:   nicolae_temple_figure_eight

Skill      XL: |  1  2  3  4  5  6  7  8  9 |
---------------+----------------------------+-----
Short Blades   | 3 |  3.3
Spellcasting   | 2 3 5 6 |  6.8
Armour         | 2 3 |  3.4
Fighting       | 4 5 |  5.1
Dodging        | 3 4 |  4.4

Action                   |  1- 3 |  4- 6 |  7- 9 || total
-------------------------+-------+-------+-------++-------
Melee: Short sword       |    92 |    45 |     2 ||   139
 Cast: Freeze            |    38 |    40 |    13 ||    91
       Ensorcelled Hiber |       |    13 |     1 ||    14
       Searing Ray       |       |       |    46 ||    46
  Use: Scroll            |       |     4 |    10 ||    14
       Potion            |       |       |     4 ||     4
 Stab: Confused          |     1 |       |       ||     1
       Sleeping          |       |     7 |     1 ||     8
Armor: Leather armour    |    42 |    28 |     4 ||    74
       Steam dragon scal |       |       |    25 ||    25
       Skin              |       |       |    10 ||    10
Dodge: Dodged            |    62 |    46 |    45 ||   153
